 Dungeon Crawl Stone Soup version 0.25-a0-424-g80bd347ae0 (webtiles) character file.

Game seed: 4810327612673255589, levelgen mode: deterministic

585 Kohma the Stinger (level 7, -5/55 HPs)
             Began as a Naga Venom Mage on Jan 23, 2020.
             Slain by a water moccasin skeleton (8 damage)
             ... on level 5 of the Dungeon.
             The game lasted 00:12:32 (4912 turns).

Kohma the Stinger (Naga Venom Mage)                 Turns: 4912, Time: 00:12:33

Health: -5/55      AC: 11    Str: 16    XL:     7   Next: 37%
Magic:  1/11       EV: 10    Int: 16    God:
Gold:   204        SH:  0    Dex: 11    Spells: 6/12 levels left

rFire    . . .     SeeInvis +   a - +8 short sword "Dyakhlo" {vorpal, Str+4 SInv}
rCold    . . .     Gourm    .   (no shield)
rNeg     . . .     Faith    .   q - +2 robe {MR+}
rPois    +         Spirit   .   i - +2 helmet
rElec    .         Reflect  .   t - +0 cloak
rCorr    .         Harm     .   u - +1 pair of gloves
MR       +....                  (no barding)
Stlth    +++.......             (no amulet)
HPRegen  0.18/turn              m - ring of stealth
MPRegen  0.12/turn              (no ring)

@: very slow
A: large, see invisible, deformed body, poison resistance, slowness 2, slow
metabolism 1, spit poison 1, AC +2
a: Spit Poison


You were on level 5 of the Dungeon.
You were not hungry.

You visited 2 branches of the dungeon, and saw 6 of its levels.

You collected 204 gold pieces.

Inventory:

Hand Weapons
 a - the +8 short sword "Dyakhlo" (weapon) {vorpal, Str+4 SInv}
   (You found it on level 5 of the Dungeon)

   It inflicts extra damage upon your enemies.
   It affects your strength (+4).
   It lets you see invisible.
 b - a +0 dagger
Armour
 f - a +0 shield
 i - a +2 helmet (worn)
 l - a +0 large shield
 q - a +2 robe of magic resistance (worn)
 t - a +0 cloak (worn)
 u - a +1 pair of gloves (worn)
Jewellery
 m - a ring of stealth (left hand)
Wands
 p - a wand of random effects (18)
 x - a wand of digging (8)
Scrolls
 d - a scroll of vulnerability {unknown}
 g - a scroll of fear
 h - a scroll of fog
 w - a scroll of enchant armour
Potions
 e - 3 potions of flight
 j - a potion of mutation {unknown}
 k - 6 potions of curing
 n - 2 potions of heal wounds {unknown}
 o - a potion of haste {unknown}
 r - a potion of lignification {unknown}
 s - 2 potions of brilliance {unknown}
 v - a potion of cancellation {unknown}
 z - a potion of degeneration {unknown}
 A - a potion of invisibility {unknown}
 B - a potion of might {unknown}
Comestibles
 c - 8 rations


   Skills:
 + Level 0.2 Fighting
 + Level 0.1 Short Blades
 - Level 1.6 Dodging
 - Level 3.0 Stealth
 * Level 3.7 Shields
 - Level 3.0 Spellcasting
 - Level 1.0 Transmutations
 - Level 2.0 Air Magic
 * Level 7.5 Poison Magic


You had 6 spell levels left.
You knew the following spells:

 Your Spells              Type           Power        Failure   Level  Hunger
a - Sting                 Tmut/Pois      ###.         3%          1    #......
b - Poisonous Vapours     Pois/Air       ###...       4%          2    ##.....
c - Mephitic Cloud        Conj/Pois/Air  ##......     16%         3    ###....

Your spell library contained the following spells:

 Spells                   Type           Power        Failure   Level  Hunger
 Olgreb's Toxic Radiance  Pois           ####....     9%          4    #####..
 Ignite Poison            Fire/Tmut/Pois ##......     17%         3    ###....


Dungeon Overview and Level Annotations

Branches:
Dungeon (5/15)             Temple (1/1) D:5

Altars:
Ashenzari
Dithmenos
Elyvilon
Fedhas
Hepliaklqana
Kikubaaqudgha
Nemelex Xobeh
Okawaru
Qazlal
Ru
Sif Muna
Uskayaw
Wu Jian
Xom
Zin
The Shining One

Annotations:
D:5 3 runed translucent doors, PeterQ's ghost, novice VSMo


Innate Abilities, Weirdness & Mutations

You cannot wear boots.
Your serpentine skin is tough. (AC +2)
You have supernaturally acute eyesight. (SInv)
Armour fits poorly on your strangely shaped body.
Your system is resistant to poisons. (rPois)
You cover ground very slowly.
You have a slow metabolism.
You can spit poison.


Message History

* * * LOW HITPOINT WARNING * * *
The leopard gecko bites you but does no damage.
The leopard gecko skeleton closely misses you.
The hound is engulfed in noxious fumes.
The hound appears confused.
The hound barely misses the water moccasin skeleton.
Casting: Poisonous Vapours (safe; 4% risk of failure)
Confirm with . or Enter, or press ? or * to list all spells.
Aiming: Poisonous Vapours (safe; 4% risk of failure)
Press: ? - help, Dir - move target cursor, f/p - ogre
Aim: an ogre, wielding a +0 giant club (severely wounded, very poisoned, confused) Poisonous vapours surround the ogre!
The water moccasin skeleton bites you.
* * * LOW HITPOINT WARNING * * *
The leopard gecko bites you.
* * * LOW HITPOINT WARNING * * *
The ogre looks as sick as possible!
The ogre closely misses you.
The hound is engulfed in noxious fumes.
The hound bites the water moccasin skeleton.
The leopard gecko skeleton barely misses you.
The water moccasin skeleton bites you!
You die...

##.## #...#
#. ....##
#.## ##.##
## ......
#.# ###
......#
##.#
.......
#.##
.......##.#
.......#..#
.......#O##
.....[hZ@#
.......Zl#
######
........##
......
..$......#
######
..........#
.#
#.......#.#
.##
##########Z
..# #. .##
..


You could see an ogre (confused), a hound (confused), a leopard gecko, a leopard
gecko skeleton and a water moccasin skeleton.

Vanquished Creatures
  Sigmund (D:2)
  An ogre (D:4)
  A centaur zombie (D:5)
  A crimson imp (D:5)
  A jelly (D:5)
  3 orc priests (D:4)
  An orc wizard (D:4)
  A worker ant (D:5)
  A howler monkey skeleton (D:5)
  4 adders
  A dart slug (D:1)
  3 leopard geckos
  7 orcs (D:4)
  2 bats
  3 giant cockroaches
  8 goblins
  3 hobgoblins
  2 jackals (D:3)
  A quokka (D:4)
  2 ball pythons (D:1)
  6 frilled lizards
  3 kobolds
  7 rats
63 creatures vanquished.

Vanquished Creatures (others)
  3 fungi (D:5)
  A plant (D:5)
4 creatures vanquished.

Grand Total: 67 creatures vanquished

Notes
Turn   | Place    | Note
-------+----------+-------------------------------------------
     0 | D:1      | Kohma the Naga Venom Mage began the quest for the Orb.
     0 | D:1      | Reached XP level 1. HP: 15/15 MP: 3/3
   242 | D:1      | Reached XP level 2. HP: 22/22 MP: 1/5
   289 | D:1      | Learned a level 2 spell: Poisonous Vapours
  1361 | D:2      | Reached XP level 3. HP: 28/28 MP: 2/6
  1524 | D:2      | Reached skill level 1 in Shields
  1834 | D:2      | Reached skill level 1 in Air Magic
  1908 | D:2      | Noticed Sigmund
  1928 | D:2      | Killed Sigmund
  1928 | D:2      | Reached skill level 5 in Poison Magic
  1928 | D:2      | Reached XP level 4. HP: 28/36 MP: 0/8
  1928 | D:2      | Reached XP level 5. HP: 33/42 MP: 0/9
  2212 | D:3      | Learned a level 3 spell: Mephitic Cloud
  2473 | D:3      | Reached XP level 6. HP: 48/49 MP: 7/10
  2940 | D:4      | Reached skill level 6 in Poison Magic
  3692 | D:4      | Reached skill level 7 in Poison Magic
  3692 | D:4      | Reached XP level 7. HP: 52/55 MP: 1/11
  4261 | D:5      | Entered Level 5 of the Dungeon
  4562 | D:5      | Got a slimy short sword
  4563 | D:5      | Identified the +8 short sword "Dyakhlo" {vorpal, Str+4
                  | SInv} (You found it on level 5 of the Dungeon)
  4632 | D:5      | Found a staircase to the Ecumenical Temple.
  4648 | Temple   | Entered the Ecumenical Temple
  4779 | D:5      | Found a runed translucent gate.
  4779 | D:5      | Found a runed translucent gate.
  4779 | D:5      | Found a runed translucent gate.
  4779 | D:5      | Noticed PeterQ's ghost (novice VSMo)
  4912 | D:5      | Slain by a water moccasin skeleton

Levels and vault maps discovered:
D:1:      ebering_trefoil_twist, layout_basic
D:2:      layout_basic, uniq_sigmund, uniq_jessica
D:3:      layout_basic, first_ration
D:4:      layout_layer_cave
D:5:      layout_cave_pods, minmay_temple_entry_drinking_statues,
          gammafunk_ghost_nasty_kobolds, uniq_grinder
Temple:   compressed_dpeg_circular_temple

Skill      XL: |  1  2  3  4  5  6 |
---------------+-------------------+-----
Shields        | 2 3 |  3.7
Air Magic      | 1 2 |  2.0
Poison Magic   | 5 7 |  7.5
Spellcasting   | 3 |  3.0
Fighting       | |  0.2
Short Blades   | |  0.1
Dodging        | |  1.6
Stealth        | |  3.0
Transmutations | |  1.0

Action                   |  1- 3 |  4- 6 |  7- 9 || total
-------------------------+-------+-------+-------++-------
Melee: Dagger            |    38 |    52 |    42 ||   132
       Short sword       |       |       |     4 ||     4
 Cast: Sting             |    22 |       |     7 ||    29
       Poisonous Vapours |    16 |    35 |     8 ||    59
       Mephitic Cloud    |       |     2 |     1 ||     3
  Use: Scroll            |       |       |     8 ||     8
       Potion            |       |       |     1 ||     1
 Stab: Sleeping          |       |     1 |     1 ||     2
       Confused          |       |       |     1 ||     1
  Eat: Chunk             |     2 |     8 |     1 ||    11
       Ration            |       |       |     1 ||     1
Armor: Robe              |    16 |    14 |    26 ||    56
Dodge: Dodged            |    22 |    19 |    27 ||    68

Table legend:
 A = Non-vault XP
 B = Vault XP
 C = Vault XP percentage of total XP
 D = Non-vault monster count
 E = Vault monster count
 F = Vault count percentage of total count
                 A         B        C        D         E       F
            +---------+---------+-------+---------+---------+-------
      Total |     613 |     223 |  26.7 |      62 |       1 |   1.6
            +---------+---------+-------+---------+---------+-------
        D:1 |      26 |       0 |   0.0 |      16 |       0 |   0.0
        D:2 |      59 |     223 |  79.1 |      12 |       1 |   7.7
        D:3 |      21 |       0 |   0.0 |      13 |       0 |   0.0
        D:4 |     321 |       0 |   0.0 |      16 |       0 |   0.0
        D:5 |     186 |       0 |   0.0 |       5 |       0 |   0.0
            +---------+---------+-------+---------+---------+-------
